Workbook

Sheet Summary
A4: HEARTH Treasurer's Report - Summary | G4: Month | M4: Year-to-date | Q4: 2021-2022 | S4: 2013-2014 | T4: 2014-2015
A5: 44501 | E5: September 22 Actual | G5: September 22 Budget | I5: Over/(Under) Budget | K5: September YTD Actual | M5: September YTD Budget | O5: Over/(Under) Budget | Q5: Annual Budget | S5: Stretch Forecast | T5: Projected
B6: Income
C7: Individual | E7: =Detail!E6+Detail!E9+Detail!E8+Detail!E7 -> 48580.12 | G7: =Detail!G6+Detail!G7 -> 10416.667 | I7: =E7-G7 -> 38163.453 | K7: =Detail!K6+Detail!K7+Detail!K8+Detail!K9 -> 55831.41 | M7: =Detail!M6+Detail!M8+Detail!M7+Detail!M9 -> 31250
C8: United Way | E8: =Detail!E10 -> 2198.36 | G8: =Detail!G10 -> 1083.3333 | I8: =E8-G8 -> 1115.0267 | K8: =Detail!K10 -> 3231.73 | M8: =Detail!M10 -> 3250 | S8: =Detail!T10 -> 20000 | T8: 15000
C9: Individuals Total | E9: =SUM(E7:E8) -> 50778.48 | G9: =Detail!G13 -> 11500 | I9: =E9-G9 -> 39278.48 | K9: =K7+K8 -> 59063.14 | M9: =SUM(M7:M8) -> 34500 | O9: =K9-M9 -> 24563.14 | Q9: =Detail!Q13 -> 248000 | S9: =Detail!T13 -> 60000 | T9: =Detail!S13 -> 72100 | U9: =Detail!U6 -> Patricia and Hays Stover donation $35,000
C10: Businesses | E10: =Detail!E15 -> 2201.81 | G10: =Detail!G15 -> 2916.6667 | I10: =E10-G10 -> -714.85667 | K10: =Detail!K15 -> 3031.82 | M10: =Detail!M15 -> 8750 | O10: =K10-M10 -> -5718.18 | Q10: =Detail!Q15 -> 35000 | S10: =Detail!T15 -> 7500 | T10: 6000
C11: Kennywood | E11: =Detail!E17 -> 0 | G11: =Detail!G17 -> 0 | I11: =E11-G11 -> 0 | K11: =Detail!K17 -> 0 | M11: =Detail!M17 -> 0 | O11: =K11-M11 -> 0 | Q11: =Detail!Q17 -> 0 | S11: 4000 | T11: 4000
C12: Foundations | E12: =Detail!E16 -> 53284.38 | G12: =Detail!G16 -> 19166.667 | I12: =E12-G12 -> 34117.713 | K12: =Detail!K16 -> 69284.38 | M12: =Detail!M16 -> 57500 | O12: =K12-M12 -> 11784.38 | Q12: =Detail!Q16 -> 230000 | S12: 87000 | T12: 100000
C13: Organizations | E13: =Detail!E18 -> 0 | G13: =Detail!G18 -> 1125 | I13: =E13-G13 -> -1125 | K13: =Detail!K18 -> 5706 | M13: =Detail!M18 -> 3375 | O13: =K13-M13 -> 2331 | Q13: =Detail!Q18 -> 13500 | S13: =Detail!T18 -> 6665 | T13: 6000
C14: Religious Organizations | E14: =Detail!E19 -> 0 | G14: =Detail!G19 -> 0 | I14: =E14-G14 -> 0 | K14: =Detail!K19 -> 0 | M14: =Detail!M19 -> 0 | O14: =K14-M14 -> 0 | Q14: =Detail!Q19 -> 0 | S14: =Detail!T19 -> 1800 | T14: =Detail!T19 -> 1800
C15: State Grants | E15: =Detail!E29 -> 56196 | G15: =Detail!G28 -> 20833.333 | I15: =E15-G15 -> 35362.667 | K15: =Detail!K29 -> 311392 | M15: =Detail!M28 -> 62500 | O15: =K15-M15 -> 248892 | Q15: 50000 | U15: =Detail!U28 -> PHARE Grant $50,000
C16: HUD Reimbursements | E16: =Detail!E24 -> 1196 | G16: =Detail!G24 -> 0 | I16: =E16-G16 -> 1196 | K16: =Detail!K24 -> 2392 | M16: =Detail!M24 -> 0 | O16: =K16-M16 -> 2392 | Q16: =Detail!Q24 -> 0 | S16: =Detail!T23 -> 423787 | T16: 427962
C17: ESG Reimbursements | E17: =Detail!E25 -> 0 | G17: =Detail!G25 -> 0 | I17: =E17-G17 -> 0 | K17: =Detail!K25 -> 0 | M17: =Detail!M25 -> 0 | O17: =K17-M17 -> 0 | Q17: =Detail!Q25 -> 0 | S17: =Detail!T24 -> 25000 | T17: 22000
C18: PRIDE-Reimbursed Rent | E18: =Detail!E31 -> 0 | G18: =Detail!G31 -> 0 | I18: =E18-G18 -> 0 | K18: =Detail!K31 -> 0 | M18: =Detail!M31 -> 0 | O18: =K18-M18 -> 0 | Q18: =Detail!Q31 -> 0 | S18: =Detail!T30 -> 71402 | T18: 78028
C19: Boiler Bldg Rent | E19: =Detail!E32 -> 0 | G19: =Detail!G32 -> 0 | I19: =E19-G19 -> 0 | K19: =Detail!K32 -> 0 | M19: =Detail!M32 -> 0 | O19: =K19-M19 -> 0 | S19: =Detail!T31 -> 14000 | T19: 10000
C20: Supportive Svcs from H@BW | E20: =Detail!E33 -> 0 | G20: =Detail!G38 -> 0 | I20: =E20-G20 -> 0 | K20: =Detail!K33 -> 0 | M20: =Detail!M33 -> 0 | O20: =K20-M20 -> 0 | Q20: =Detail!Q33 -> 0 | S20: =Detail!T32 -> 1326 | T20: 1350
C21: Other Income | E21: =Detail!E43 -> 24273.91 | G21: =Detail!G40+Detail!G41+Detail!G42+Detail!G33+Detail!G39 -> 19359.5 | I21: =E21-G21 -> 4914.41 | K21: =Detail!K43 -> 73649.25 | M21: =Detail!M43 -> 58078.5 | O21: =K21-M21 -> 15570.75 | Q21: =Detail!Q43 -> 242314 | S21: =Detail!T42 -> 31208.89 | T21: =118682+269 -> 118951 | U21: =Detail!U39 -> 0
C22: Wine Bag Sales | E22: =Detail!E47 -> 0 | G22: =Detail!G47 -> 0 | I22: =E22-G22 -> 0 | K22: =Detail!K47 -> 0 | M22: =Detail!M47 -> 0 | O22: =K22-M22 -> 0 | Q22: 0 | S22: =Detail!T46 -> 75 | T22: 455
C23: 3rd Party Events | E23: =Detail!E46 -> 155 | G23: =Detail!G46 -> 0 | I23: =E23-G23 -> 155 | K23: =Detail!K46 -> 0 | M23: =Detail!M46 -> 0 | O23: =K23-M23 -> 0 | Q23: 15000
C24: Wine & Food | E24: =Detail!E48 -> 34750 | G24: =Detail!G48 -> 4583.3333 | I24: =E24-G24 -> 30166.667 | K24: =Detail!K48 -> 42044.85 | M24: =Detail!M48 -> 13750 | O24: =K24-M24 -> 28294.85 | Q24: =Detail!Q48 -> 55000 | S24: =Detail!T47 -> 58000 | T24: 53882
C25: Golf | E25: =Detail!E49 -> 0 | G25: =Detail!G49 -> 4166.6667 | I25: =E25-G25 -> -4166.6667 | K25: =Detail!K49 -> 2556.82 | M25: =Detail!M49 -> 12500 | O25: =K25-M25 -> -9943.18 | Q25: =Detail!Q49 -> 50000 | S25: =Detail!T48 -> 54000 | T25: 45000
C26: Purses with Purpose | E26: =Detail!E50 -> 3500 | G26: =Detail!G50 -> 4166.6667 | I26: =E26-G26 -> -666.66667 | K26: =Detail!K50 -> 3500 | M26: =Detail!M50 -> 12500 | O26: =K26-M26 -> -9000 | Q26: =Detail!Q50 -> 50000 | S26: =Detail!T49 -> 29000 | T26: 35229
C27: Hops for HEARTH | E27: =Detail!E51 -> 0 | G27: =Detail!G51 -> 0 | I27: =E27-G27 -> 0 | K27: =Detail!K51 -> 0 | M27: =Detail!M51 -> 0 | O27: =K27-M27 -> 0 | Q27: =Detail!Q51 -> 0 | S27: =Detail!T50 -> 15000 | T27: 17000
C28: Christmas Trees - Holiday Feb orations | E28: =Detail!E52 -> 0 | G28: 0 | I28: =E28-G28 -> 0 | K28: =Detail!K52 -> 0 | O28: =K28-M28 -> 0 | Q28: 0 | S28: =Detail!T51 -> 845 | T28: 0
C29: 25th Anniversary Event | E29: =Detail!E45 -> 0 | G29: =Detail!G45 -> 0 | I29: =E29-G29 -> 0 | K29: =Detail!K45 -> 0 | M29: =Detail!M45 -> 0 | O29: =K29-M29 -> 0 | Q29: 0
C30: Associate Board Fundraiser | E30: =Detail!E53 -> 0 | G30: =Detail!G53 -> 2083.3333 | I30: =E30-G30 -> -2083.3333 | K30: =Detail!K53 -> 0 | M30: =Detail!M53 -> 6250 | O30: =K30-M30 -> -6250 | Q30: =Detail!Q53 -> 25000 | S30: =Detail!T52 -> 1633 | T30: 975
C31: Program Income | E31: =Detail!E56 -> 4791 | G31: =Detail!G56 -> 2000 | I31: =E31-G31 -> 2791 | K31: =Detail!K56 -> 14695 | M31: =Detail!M56 -> 6000 | O31: =K31-M31 -> 8695 | Q31: =Detail!Q56 -> 24000 | S31: =Detail!T55 -> 25000 | T31: =Detail!S55 -> 33000
B32: Total Income | E32: =E9+E10+E11+E12+E13+E19+E20+E21+E22+E24+E25+E26+E27+E28+E30+E31+E15+E29+E23 -> 229930.58 | G32: =G9+G10+G11+G12+G13+G19+G20+G21+G22+G24+G25+G26+G27+G28+G30+G31+G15+G29+G23 -> 91901.167 | I32: =I9+I10+I11+I12+I13+I19+I20+I21+I22+I24+I25+I26+I27+I28+I30+I31+I15+I29+I23 -> 138029.41 | K32: =K9+K10+K11+K12+K13+K19+K20+K21+K22+K24+K25+K26+K27+K28+K30+K31+K15+K29+K23 -> 584923.26 | M32: =M9+M10+M11+M12+M13+M19+M20+M21+M22+M24+M25+M26+M27+M28+M30+M31+M15+M29+M23 -> 275703.5 | O32: =K32-M32 -> 309219.76 | Q32: =Q9+Q10+Q11+Q12+Q13+Q19+Q20+Q21+Q22+Q24+Q25+Q26+Q27+Q30+Q31+Q8+Q29+Q23+Q15 -> 1037814 | S32: =SUM(S9:S31) -> 917241.89 | T32: =SUM(T9:T31) -> 1033732
B33: Expenses
D34: Total Admin | E34: =Detail!E79 -> 2895.3 | G34: =Detail!G79 -> 3049.5833 | I34: =E34-G34 -> -154.28333 | K34: =Detail!K79 -> 11549.8 | M34: =Detail!M79 -> 9148.75 | O34: =K34-M34 -> 2401.05 | Q34: =Detail!Q79 -> 36595 | S34: =Detail!T78 -> 36727 | T34: =Detail!S78 -> 39600
D36: Total Operations | E36: =Detail!E89 -> 9585 | G36: =Detail!G89 -> 2408.3333 | I36: =E36-G36 -> 7176.6667 | K36: =Detail!K89 -> 10090 | M36: =Detail!M89 -> 7225 | O36: =K36-M36 -> 2865 | Q36: =Detail!Q89 -> 28900 | S36: =Detail!T88 -> 25150 | T36: =Detail!S88 -> 25450 | U36: Variance due to audit expense, non-recurring and reimbursed in Other Income
D38: Total Building | E38: =Detail!E117 -> 37682.9 | G38: =Detail!G117 -> 38441.833 | I38: =E38-G38 -> -758.93333 | K38: =Detail!K117 -> 97538.89 | M38: =Detail!M117 -> 115325.5 | O38: =K38-M38 -> -17786.61 | Q38: =Detail!Q117 -> 435982 | S38: =Detail!T116 -> 281124 | T38: =Detail!S116 -> 367886
D40: Total Program | E40: =Detail!E152 -> 19882.89 | G40: =Detail!G152 -> 2995.8333 | H40: 0 | I40: =E40-G40 -> 16887.057 | J40: 0 | K40: =Detail!K152 -> 10644.14 | M40: =Detail!M152 -> 8987.5 | N40: 0 | O40: =K40-M40 -> 1656.64 | P40: 0 | Q40: =Detail!Q152 -> 35950 | S40: =Detail!T149 -> 79200 | T40: =Detail!S149 -> 83880 | U40: Variance due to program study, non-recurring and reminbursed by PACE grant (Aug 2022)
D42: Total Development | E42: =Development!E48 -> 4000 | G42: =Development!G48 -> 3891.6667 | I42: =Development!I48 -> 108.33333 | K42: =Development!K48 -> 8000 | M42: =Development!M48 -> 7783.3333 | O42: =Development!O48 -> 216.66667 | Q42: =Development!Q45 -> 46700
D44: Total Personnel | E44: =Detail!E168 -> 50168.43 | G44: =Detail!G168 -> 52233.573 | I44: =E44-G44 -> -2065.1435 | K44: =Detail!K168 -> 120634.72 | M44: =Detail!M168 -> 156700.72 | O44: =K44-M44 -> -36066 | Q44: =Detail!Q168 -> 673502.88 | S44: =Detail!T166 -> 452135.8 | T44: =Detail!S166 -> 423691.38 | U44: Variance likely to lessen over the course of the year
B46: Total Expense | E46: =SUM(E34:E45) -> 124214.52 | G46: =SUM(G34:G44) -> 103020.82 | I46: =E46-G46 -> 21193.696 | K46: =SUM(K34:K44) -> 258457.55 | M46: =SUM(M34:M44) -> 305170.8 | O46: =SUM(O34:O44) -> -46713.254 | Q46: =SUM(Q34:Q44) -> 1257629.9 | S46: =SUM(S34:S44) -> 874336.8 | T46: =SUM(T34:T44) -> 940507.38
A47: Subtotal-Net Income before Capital Equip | E47: =SUM(E32-E46) -> 105716.06 | G47: =SUM(G32-G46) -> -11119.657 | I47: =ROUND(I32-I46,5) -> 116835.72 | K47: =ROUND(K32-K46,5) -> 326465.71 | M47: =ROUND(M32-M46,5) -> -29467.304 | O47: =ROUND(O32-O46,5) -> 355933.01 | Q47: =ROUND(Q32-Q46,5) -> -219815.88 | S47: =ROUND(S32-S46,5) -> 42905.09 | T47: =ROUND(T32-T46,5) -> 93224.62
B49: Fixed Asset: | G49: 0 | I49: 0 | M49: 0 | Q49: 0 | S49: 0 | T49: 0
B50: Transfer of excess Operating Funds to Capital Camp. | G50: 0 | I50: =E50-G50 -> 0 | K50: 0 | M50: 0 | Q50: 0 | S50: 0 | T50: 0
A51: Net Income after Capital Equipment | E51: =E47-SUM(E49:E50) -> 105716.06 | G51: =G47-SUM(G49:G50) -> -11119.657 | I51: =I47-SUM(I49:I50) -> 116835.72 | K51: =K47-SUM(K49:K50) -> 326465.71 | M51: =M47-SUM(M49:M50) -> -29467.304 | O51: =O47-SUM(O49:O50) -> 355933.01 | Q51: =Q47-SUM(Q49:Q50) -> -219815.88 | S51: =S47-SUM(S49:S50) -> 42905.09 | T51: =T47-SUM(T49:T50) -> 93224.62 | U51: *difference between budget and YTD budget is restatement of reimbursement between HEARTH/Benedictine Place

Sheet Detail
A2: HEARTH Treasurer's Report - Detail | G2: Month | M2: Year-to-date | Q2: 2022-2023 | S2: 2014-2015 | T2: 2013-2014
E3: September 22 Actual | G3: September 22 Budget | I3: Over/(Under) Budget | K3: September 22 YTD Actual | M3: September 22 YTD Budget | O3: Over/(Under) Budget | Q3: BUDGET | S3: Projected | T3: Stretch Forecast | U3: NOTES
B4: Income
B5: Donations:
C6: 4001 · Individual | E6: 48580.12 | G6: =Q6/12 -> 10416.667 | I6: =E6-G6 -> 38163.453 | K6: 55831.41 | M6: =G6*3 -> 31250 | O6: =SUM(K6-M6) -> 24581.41 | Q6: 125000 | S6: 72100 | T6: 60000 | U6: Patricia and Hays Stover donation $35,000
C7: 4005 · End of Year Appeal (EOY) | I7: =E7-G7 -> 0 | M7: =G7*3 -> 0 | O7: =SUM(K7-M7) -> 0 | Q7: 70000
C8: 4007 ·Spring Appeal | I8: =E8-G8 -> 0 | M8: =G8*3 -> 0 | O8: =SUM(K8-M8) -> 0 | Q8: 15000
C9: 4008 ·Community Appeal | I9: =E9-G9 -> 0 | M9: =G9*3 -> 0 | O9: =SUM(K9-M9) -> 0 | Q9: 25000
C10: 4070 · United Way | E10: 2198.36 | G10: =Q10/12 -> 1083.3333 | I10: =E10-G10 -> 1115.0267 | K10: 3231.73 | M10: =G10*3 -> 3250 | O10: =SUM(K10-M10) -> -18.27 | Q10: 13000 | S10: 15000 | T10: 20000
D11: Memorial Donations | G11: =Q11/12 -> 0 | I11: =E11-G11 -> 0 | M11: =G11*3 -> 0 | O11: =SUM(K11-M11) -> 0
D12: Miscellaneous Donations | G12: =Q12/12 -> 0 | M12: =G12*3 -> 0
C13: Individuals - Total | E13: =SUM(E6:E12) -> 50778.48 | G13: =SUM(G6:G12) -> 11500 | I13: =E13-G13 -> 39278.48 | K13: =SUM(K6:K12) -> 59063.14 | M13: =SUM(M6:M12) -> 34500 | O13: =SUM(K13-M13) -> 24563.14 | Q13: =SUM(Q6:Q10) -> 248000 | S13: =SUM(S6:S8) -> 72100 | T13: 60000
C15: 4010 · Businesses | E15: 2201.81 | G15: =Q15/12 -> 2916.6667 | I15: =E15-G15 -> -714.85667 | K15: 3031.82 | M15: =G15*3 -> 8750 | O15: =SUM(K15-M15) -> -5718.18 | Q15: 35000 | S15: 6000 | T15: 7500
C16: 4020 · Foundations | E16: 53284.38 | G16: =Q16/12 -> 19166.667 | I16: =E16-G16 -> 34117.713 | K16: 69284.38 | M16: =G16*3 -> 57500 | O16: =SUM(K16-M16) -> 11784.38 | Q16: 230000 | S16: 100000 | T16: 87000 | U16: Pittsburgh Foundation OneDay - HEARTH took third place
C17: 4025 - Kennywood | G17: =Q17/12 -> 0 | I17: =E17-G17 -> 0 | M17: =G17*3 -> 0 | O17: =SUM(K17-M17) -> 0 | Q17: 0 | S17: 4000 | T17: 4000
C18: 4030 · Organizations | G18: =Q18/12 -> 1125 | I18: =E18-G18 -> -1125 | K18: =150+5556 -> 5706 | M18: =G18*3 -> 3375 | O18: =SUM(K18-M18) -> 2331 | Q18: =6000+7500 -> 13500 | S18: 8000 | T18: 6665 | U18: Ingomar United Methodist
M19: =G19*3 -> 0 | R19: =1800 -> 1800 | S19: =1800 -> 1800 | T19: =1800 -> 1800 | BS19: =1800 -> 1800 | BT19: =1800 -> 1800 | BU19: =1800 -> 1800 | BV19: =1800 -> 1800 | BW19: =1800 -> 1800 | BX19: =1800 -> 1800 | BY19: =1800 -> 1800 | BZ19: =1800 -> 1800 | ... XFD19: =1800 -> 1800
G20: =Q20/12 -> 0 | M20: =G20*3 -> 0
D21: Total Donations | E21: =SUM(E13:E20) -> 106264.67 | G21: =SUM(G13:G20) -> 34708.333 | H21: =SUM(H13:H20) -> 0 | I21: =E21-G21 -> 71556.337 | J21: =SUM(J13:J20) -> 0 | K21: =SUM(K13:K20) -> 137085.34 | L21: =SUM(L13:L20) -> 0 | M21: =SUM(M13:M20) -> 104125 | N21: =SUM(N13:N20) -> 0 | O21: =SUM(K21-M21) -> 32960.34 | P21: =SUM(P13:P20) -> 0 | Q21: =SUM(Q13:Q20) -> 526500 | S21: =SUM(S13:S20) -> 191900 | T21: =SUM(T13:T20) -> 166965
B22: Grants:
C23: 4100 · Grants | E23: 5000 | K23: 59000 | M23: =G23*3 -> 0 | S23: 427962 | T23: 423787
C24: 4120 · HUD Reimbursements | E24: 1196 | G24: =Q24/12 -> 0 | I24: =E24-G24 -> 1196 | K24: 2392 | M24: =G24*3 -> 0 | O24: =SUM(K24-M24) -> 2392 | Q24: 0 | S24: 22000 | T24: 25000
C25: 4121 · ESG Reimbursements | E25: 0 | G25: =Q25/12 -> 0 | I25: =E25-G25 -> 0 | K25: 0 | M25: =G25*3 -> 0 | O25: =SUM(K25-M25) -> 0 | Q25: 0
C26: 4124 - CYF | E26: 0 | G26: =Q26/12 -> 0 | I26: =E26-G26 -> 0 | K26: 0 | M26: =G26*3 -> 0 | O26: =SUM(K26-M26) -> 0
C27: 4130 · Continuum of Care Grant | E27: 0 | G27: =Q27/12 -> 0 | I27: =E27-G27 -> 0 | K27: 0 | M27: =G27*3 -> 0 | O27: =SUM(K27-M27) -> 0
C28: 4140 · State Grants | E28: 50000 | G28: =Q28/12 -> 20833.333 | I28: =E28-G28 -> 29166.667 | K28: 250000 | M28: =G28*3 -> 62500 | O28: =SUM(K28-M28) -> 187500 | Q28: 250000 | S28: =SUM(S23:S27) -> 449962 | T28: =SUM(T23:T27) -> 448787 | U28: PHARE Grant $50,000
B29: Other Programs: | D29: Total Grants | E29: =SUM(E23:E28) -> 56196 | G29: =SUM(G24:G28) -> 20833.333 | H29: =SUM(H24:H28) -> 0 | I29: =E29-G29 -> 35362.667 | J29: =SUM(J24:J28) -> 0 | K29: =SUM(K23:K28) -> 311392 | L29: =SUM(L24:L28) -> 0 | M29: =SUM(M24:M28) -> 62500 | N29: =SUM(N24:N28) -> 0 | O29: =SUM(K29-M29) -> 248892 | P29: =SUM(P24:P28) -> 0 | Q29: =SUM(Q24:Q28) -> 250000
M30: =G30*3 -> 0 | S30: 78028 | T30: 71402
C31: 4150 · PRIDE-Reimbursed | E31: 0 | G31: =Q31/12 -> 0 | I31: =E31-G31 -> 0 | K31: 0 | M31: =G31*3 -> 0 | O31: =SUM(K31-M31) -> 0 | Q31: 0 | S31: 10000 | T31: 14000
C32: 4155 · PRIDE Program Fees | G32: =Q32/12 -> 0 | I32: =E32-G32 -> 0 | M32: =G32*3 -> 0 | O32: =SUM(K32-M32) -> 0 | S32: 1350 | T32: 1326
C33: 4165 · Supportive Services from BWHC | E33: 0 | G33: =Q33/12 -> 0 | I33: =E33-G33 -> 0 | K33: 0 | M33: =G33*3 -> 0 | O33: =SUM(K33-M33) -> 0 | S33: =SUM(S30:S32) -> 89378 | T33: =SUM(T30:T32) -> 86728
B34: Other Income: | D34: Total Reimbursement Programs | E34: =SUM(E31:E33) -> 0 | G34: =SUM(G31:G33) -> 0 | H34: =SUM(H31:H33) -> 0 | I34: =E34-G34 -> 0 | J34: =SUM(J31:J33) -> 0 | K34: =SUM(K31:K33) -> 0 | L34: =SUM(L31:L33) -> 0 | M34: =SUM(M31:M33) -> 0 | N34: =SUM(N31:N33) -> 0 | O34: =SUM(K34-M34) -> 0 | P34: =SUM(P31:P33) -> 0 | Q34: =SUM(Q31:Q33) -> 0
C36: 4210 . Miscellaneous | I36: =E36-G36 -> 0 | M36: =G36*3 -> 0 | O36: =SUM(K36-M36) -> 0 | S36: 86119 | T36: 3870.89
C37: 4250 . Developer Income | G37: =Q37/12 -> 0 | M37: =G37*3 -> 0 | O37: =SUM(K37-M37) -> 0 | S37: 4000 | T37: 4000
C38: 4300 - Salary-BWHC | G38: 0 | I38: 0 | M38: =G38*3 -> 0 | O38: 0 | Q38: 10000 | S38: 31343.29 | T38: 22438
C39: 4305 - Reimb H/BP Limited | E39: 21172.71 | G39: =Q39/12 -> 15880 | I39: =E39-G39 -> 5292.71 | K39: 64324.96 | M39: =G39*3 -> 47640 | O39: =SUM(K39-M39) -> 16684.96 | Q39: 190560 | S39: 1200 | T39: 800
C40: 4310 - Laundry Income | G40: =Q40/12 -> 0 | I40: =E40-G40 -> 0 | M40: =G40*3 -> 0 | O40: =SUM(K40-M40) -> 0 | S40: 800 | T40: 50
C41: 4330 · Bank Interest | E41: 535.2 | G41: =Q41/12 -> 875 | I41: =E41-G41 -> -339.8 | K41: 1626.29 | M41: =G41*3 -> 2625 | O41: =SUM(K41-M41) -> -998.71 | Q41: 10500 | S41: 800 | T41: 50
C42: 4500 · Boiler Building Rent | E42: 2566 | G42: =Q42/12 -> 2604.5 | I42: =E42-G42 -> -38.5 | K42: =2566*3 -> 7698 | M42: =G42*3 -> 7813.5 | O42: =SUM(K42-M42) -> -115.5 | Q42: 31254 | S42: =SUM(S36:S41) -> 124262.29 | T42: =SUM(T36:T41) -> 31208.89
B43: Fundraising: | D43: Total Other Income | E43: =SUM(E36:E42) -> 24273.91 | G43: =SUM(G36:G42) -> 19359.5 | H43: =SUM(H36:H42) -> 0 | I43: =E43-G43 -> 4914.41 | J43: =SUM(J36:J42) -> 0 | K43: =SUM(K36:K42) -> 73649.25 | L43: =SUM(L37:L42) -> 0 | M43: =SUM(M36:M42) -> 58078.5 | N43: =SUM(N37:N42) -> 0 | O43: =SUM(K43-M43) -> 15570.75 | P43: =SUM(P37:P42) -> 0 | Q43: =SUM(Q36:Q42) -> 242314
C45: 4500 · 25th Anniversary Fundraiser | E45: 0 | G45: =Q45/12 -> 0 | M45: =G45*3 -> 0 | O45: =SUM(K45-M45) -> 0 | Q45: 0 | S45: 455 | T45: 75
C46: 4460 · 3rd Party Events | E46: 155 | G46: =Q46/12 -> 0 | I46: =E46-G46 -> 155 | M46: =G46*3 -> 0 | O46: =SUM(K46-M46) -> 0 | S46: 455 | T46: 75
C47: 4510 · Wine Bag Sales | G47: =Q47/12 -> 0 | I47: =E47-G47 -> 0 | M47: =G47*3 -> 0 | O47: =SUM(K47-M47) -> 0 | Q47: 0 | S47: 53846 | T47: 58000
C48: 4600 · Wine & Food | E48: 34750 | G48: =Q48/12 -> 4583.3333 | I48: =E48-G48 -> 30166.667 | K48: 42044.85 | M48: =G48*3 -> 13750 | O48: =SUM(K48-M48) -> 28294.85 | Q48: 55000 | S48: 36525 | T48: 54000
C49: 4700 · Golf | G49: =Q49/12 -> 4166.6667 | I49: =E49-G49 -> -4166.6667 | K49: 2556.82 | M49: =G49*3 -> 12500 | O49: =SUM(K49-M49) -> -9943.18 | Q49: 50000 | S49: 35229 | T49: 29000
C50: 4800 · Purses With Purpose | E50: 3500 | G50: =Q50/12 -> 4166.6667 | I50: =E50-G50 -> -666.66667 | K50: 3500 | M50: =G50*3 -> 12500 | O50: =SUM(K50-M50) -> -9000 | Q50: 50000 | S50: 19000 | T50: 15000
C51: 4910 · Hops for HEARTH | G51: =Q51/12 -> 0 | I51: =E51-G51 -> 0 | M51: =G51*3 -> 0 | O51: =SUM(K51-M51) -> 0 | T51: 845
C52: 4960 · Christmas Trees Holiday Fund | G52: =Q52/12 -> 0 | I52: =E52-G52 -> 0 | M52: =G52*3 -> 0 | O52: =SUM(K52-M52) -> 0 | S52: 975 | T52: 1633
C53: 4940 Associate Board Fundraiser | G53: =Q53/12 -> 2083.3333 | M53: =G53*3 -> 6250 | O53: =SUM(K53-M53) -> -6250 | Q53: 25000 | S53: =SUM(S46:S52) -> 146030 | T53: =SUM(T46:T52) -> 158553
B54: Program Fees: | D54: Total Fundraising | E54: =SUM(E45:E53) -> 38405 | G54: =SUM(G45:G53) -> 15000 | H54: =SUM(H47:H51) -> 0 | I54: =E54-G54 -> 23405 | J54: =SUM(J47:J51) -> 0 | K54: =SUM(K45:K53) -> 48101.67 | L54: =SUM(L47:L51) -> 0 | M54: =SUM(M45:M53) -> 45000 | N54: =SUM(N47:N51) -> 0 | O54: =SUM(K54-M54) -> 3101.67 | P54: =SUM(P47:P51) -> 0 | Q54: =SUM(Q45:Q53) -> 180000
S55: 33000 | T55: 25000
B56: Total Income | C56: 4950 · Program Fees | E56: 4791 | G56: =Q56/12 -> 2000 | I56: =E56-G56 -> 2791 | K56: 14695 | M56: =G56*3 -> 6000 | O56: =SUM(K56-M56) -> 8695 | Q56: 24000 | S56: =SUM(S21+S28+S33+S42+S53+S55) -> 1034532.3 | T56: =SUM(T21+T28+T33+T42+T53+T55) -> 917241.89
E57: =SUM(E21+E29+E34+E43+E54+E56) -> 229930.58 | G57: =SUM(G21+G29+G34+G43+G54+G56) -> 91901.167 | H57: =SUM(H21+H29+H34+H43+H54+H56) -> 0 | I57: =E57-G57 -> 138029.41 | J57: =SUM(J21+J29+J34+J43+J54+J56) -> 0 | K57: =SUM(K21+K29+K34+K43+K54+K56) -> 584923.26 | L57: =SUM(L21+L29+L34+L43+L54+L56) -> 0 | M57: =SUM(M21+M29+M34+M43+M54+M56) -> 275703.5 | N57: =SUM(N21+N29+N34+N43+N54+N56) -> 0 | O57: =SUM(K57-M57) -> 309219.76 | P57: =SUM(P21+P29+P34+P43+P54+P56) -> 0 | Q57: =SUM(Q21+Q29+Q34+Q43+Q54+Q56) -> 1222814
B58: Expense
B59: Administrative
S60: 3000 | T60: 1200
C61: 7010 · Board Development | E61: 79.97 | G61: =Q61/12 -> 0 | I61: =E61-G61 -> 79.97 | K61: 664.86 | M61: =G61*3 -> 0 | O61: =SUM(K61-M61) -> 664.86 | S61: 1000 | T61: 1000
C62: 7015 · D&O Insurance | G62: =Q62/12 -> 79.166667 | I62: =E62-G62 -> -79.166667 | M62: =G62*3 -> 237.5 | O62: =SUM(K62-M62) -> -237.5 | Q62: 950 | S62: 3200 | T62: 2000
C63: 7020 · Donor/Volunteer Relations | G63: =Q63/12 -> 125 | I63: =E63-G63 -> -125 | K63: 162.38 | M63: =G63*3 -> 375 | O63: =SUM(K63-M63) -> -212.62 | Q63: 1500 | S63: 2200 | T63: 500
C64: 7025 · Memberships/Educ. Material | G64: =Q64/12 -> 250 | I64: =E64-G64 -> -250 | K64: 476.5 | M64: =G64*3 -> 750 | O64: =SUM(K64-M64) -> -273.5 | Q64: 3000 | S64: 1500 | T64: 800
C65: 7030 · Equipment Maint/Repair | G65: =Q65/12 -> 166.66667 | I65: =E65-G65 -> -166.66667 | K65: 195 | M65: =G65*3 -> 500 | O65: =SUM(K65-M65) -> -305 | Q65: 2000 | S65: 500 | T65: 160
C66: 7035 · Internet | E66: 66.06 | G66: =Q66/12 -> 68.75 | I66: =E66-G66 -> -2.69 | K66: 198.18 | M66: =G66*3 -> 206.25 | O66: =SUM(K66-M66) -> -8.07 | Q66: 825
A67: * | C67: 7040 · Financial Development | E67: 176.42 | G67: =Q67/12 -> 125 | I67: =E67-G67 -> 51.42 | K67: 703.03 | M67: =G67*3 -> 375 | O67: =SUM(K67-M67) -> 328.03 | Q67: 1500 | S67: 2000 | T67: 4100
C68: 7045 · Office Equipment | G68: =Q68/12 -> 125 | I68: =E68-G68 -> -125 | M68: =G68*3 -> 375 | O68: =SUM(K68-M68) -> -375 | Q68: 1500 | S68: 4000 | T68: 4100
C69: 7050 · Office Supplies | E69: 464.59 | G69: =Q69/12 -> 333.33333 | I69: =E69-G69 -> 131.25667 | K69: 1841.59 | M69: =G69*3 -> 1000 | O69: =SUM(K69-M69) -> 841.59 | Q69: 4000 | S69: 5600 | T69: 3567
C70: 7055 · Phones | E70: 712.07 | G70: =Q70/12 -> 500 | I70: =E70-G70 -> 212.07 | K70: 2790.81 | M70: =G70*3 -> 1500 | O70: =SUM(K70-M70) -> 1290.81 | Q70: 6000 | S70: 1500 | T70: 2100
C71: 7060 · Postage/Delivery | G71: =Q71/12 -> 0 | I71: =E71-G71 -> 0 | K71: 102.9 | M71: =G71*3 -> 0 | O71: =SUM(K71-M71) -> 102.9 | S71: 3000 | T71: 3500
C72: 7065 · Printing/Copying | E72: 253.18 | G72: =Q72/12 -> 0 | I72: =E72-G72 -> 253.18 | K72: 250.18 | M72: =G72*3 -> 0 | O72: =SUM(K72-M72) -> 250.18 | T72: 0
C73: 7070 - Bad Debt Expense | G73: =Q73/12 -> 0 | I73: =E73-G73 -> 0 | M73: =G73*3 -> 0 | O73: =SUM(K73-M73) -> 0 | S73: 3000 | T73: 3200
C74: 7075 · Software Maintenance/Support | E74: 463.01 | G74: =Q74/12 -> 535 | I74: =E74-G74 -> -71.99 | K74: 1444.37 | M74: =G74*3 -> 1605 | O74: =SUM(K74-M74) -> -160.63 | Q74: 6420 | S74: 4000 | T74: 4000
C75: 7080 · Staff Recoginition | G75: =Q75/12 -> 416.66667 | I75: =E75-G75 -> -416.66667 | M75: =G75*3 -> 1250 | O75: =SUM(K75-M75) -> -1250 | Q75: 5000 | S75: 1000 | T75: 1500
A76: * | C76: 7085 · Staff Recruitment | G76: =Q76/12 -> 0 | I76: =E76-G76 -> 0 | M76: =G76*3 -> 0 | O76: =SUM(K76-M76) -> 0 | S76: 2500 | T76: 3700
C77: 7090 · Technical Support | E77: =1360/2 -> 680 | G77: =Q77/12 -> 325 | I77: =E77-G77 -> 355 | K77: 2720 | M77: =G77*3 -> 975 | O77: =SUM(K77-M77) -> 1745 | Q77: 3900 | S77: 1600 | T77: 1300 | U77: IT Support
B78: Total Admin | C78: 7095 · Website Maintenance | G78: =Q78/12 -> 0 | M78: =G78*3 -> 0 | O78: =SUM(K78-M78) -> 0 | S78: =SUM(S60:S77) -> 39600 | T78: =SUM(T60:T77) -> 36727
E79: =SUM(E61:E78) -> 2895.3 | G79: =SUM(G61:G78) -> 3049.5833 | I79: =E79-G79 -> -154.28333 | K79: =SUM(K61:K78) -> 11549.8 | M79: =SUM(M61:M78) -> 9148.75 | O79: =SUM(K79-M79) -> 2401.05 | Q79: =SUM(Q61:Q78) -> 36595
B80: Operating
A81: * | S81: 15000 | T81: 17500
C82: 7110 · Audit Fees | E82: 8475 | G82: =Q82/12 -> 1625 | I82: =E82-G82 -> 6850 | K82: 8475 | M82: =G82*3 -> 4875 | O82: =SUM(K82-M82) -> 3600 | Q82: 19500 | S82: 3500 | T82: 2500
C83: 7120 - Legal Fees | G83: =Q83/12 -> 208.33333 | I83: =E83-G83 -> -208.33333 | M83: =G83*3 -> 625 | O83: =SUM(K83-M83) -> -625 | Q83: 2500 | S83: 250 | T83: 250
C84: 7140 · Charitable Registration | G84: =Q84/12 -> 20.833333 | I84: =E84-G84 -> -20.833333 | M84: =G84*3 -> 62.5 | O84: =SUM(K84-M84) -> -62.5 | Q84: 250 | S84: 100 | T84: 300
A85: * | C85: 7160 · Misc. Expense | E85: 0 | G85: =Q85/12 -> 12.5 | I85: =E85-G85 -> -12.5 | M85: =G85*3 -> 37.5 | O85: =SUM(K85-M85) -> -37.5 | Q85: 150 | S85: 3500 | T85: 3500
C86: 7170 · Payroll Service | E86: 225 | G86: =Q86/12 -> 250 | I86: =E86-G86 -> -25 | K86: 715 | M86: =G86*3 -> 750 | O86: =SUM(K86-M86) -> -35 | Q86: 3000 | S86: 100 | T86: 100
C87: 7180 · Pension Administration | G87: =Q87/12 -> 0 | I87: =E87-G87 -> 0 | K87: 0 | M87: =G87*3 -> 0 | O87: =SUM(K87-M87) -> 0 | Q87: 0 | S87: 3000 | T87: 1000
C88: 7190 · Staff Conference/Seminar | E88: 885 | G88: =Q88/12 -> 291.66667 | I88: =E88-G88 -> 593.33333 | K88: 900 | M88: =G88*3 -> 875 | O88: =SUM(K88-M88) -> 25 | Q88: 3500 | S88: =SUM(S81:S87) -> 25450 | T88: =SUM(T81:T87) -> 25150
B89: Total Operating | E89: =SUM(E82:E88) -> 9585 | G89: =SUM(G82:G88) -> 2408.3333 | I89: =SUM(I82:I88) -> 7176.6667 | K89: =SUM(K82:K88) -> 10090 | M89: =SUM(M82:M88) -> 7225 | O89: =SUM(K89-M89) -> 2865 | Q89: =SUM(Q82:Q88) -> 28900
B90: Building
A91: * | B91: + | S91: 2000 | T91: 4000
A92: * | B92: + | C92: 7210 · Apartment Cleaning Services | E92: 900 | G92: =Q92/12 -> 416.66667 | I92: =E92-G92 -> 483.33333 | K92: 900 | M92: =G92*3 -> 1250 | O92: =SUM(K92-M92) -> -350 | Q92: 5000 | S92: 20000 | T92: 15000
A93: * | B93: + | C93: 7212 · Real Estate Tax | G93: =Q93/12 -> 1478 | I93: =E93-G93 -> -1478 | K93: 1489 | M93: =G93*3 -> 4434 | O93: =SUM(K93-M93) -> -2945 | Q93: 17736 | S93: 12000 | T93: 14000
A94: * | B94: + | C94: 7215 · Building Insurance | E94: 778.62 | G94: =Q94/12 -> 1291.6667 | I94: =E94-G94 -> -513.04667 | K94: 2462.52 | M94: =G94*3 -> 3875 | O94: =SUM(K94-M94) -> -1412.48 | Q94: 15500 | S94: 33000
A95: * | B95: + | C95: 7217 · Building Reserve | G95: 2110 | I95: =E95-G95 -> -2110 | K95: 1055 | M95: =G95*3 -> 6330 | O95: =SUM(K95-M95) -> -5275 | S95: 7400 | T95: 6955
A96: * | B96: + | C96: 7220 · Cleaning Service | E96: 500 | G96: =Q96/12 -> 833.33333 | I96: =E96-G96 -> -333.33333 | K96: 1320 | M96: =G96*3 -> 2500 | O96: =SUM(K96-M96) -> -1180 | Q96: 10000 | S96: 1000 | T96: 2000
A97: * | B97: + | C97: 7225 · Cleaning Supplies | G97: =Q97/12 -> 66.666667 | I97: =E97-G97 -> -66.666667 | K97: 230.87 | M97: =G97*3 -> 200 | O97: =SUM(K97-M97) -> 30.87 | Q97: 800 | S97: 16500 | T97: 19200
A98: * | B98: + | C98: 7230 · Electricity | E98: 2274.09 | G98: =Q98/12 -> 1354.1667 | I98: =E98-G98 -> 919.92333 | K98: 5663.51 | M98: =G98*3 -> 4062.5 | O98: =SUM(K98-M98) -> 1601.01 | Q98: 16250 | S98: 1500 | T98: 1420
A99: * | B99: + | C99: 7235 · Exterminating | E99: 81 | G99: =Q99/12 -> 125 | I99: =E99-G99 -> -44 | K99: =81*3 -> 243 | M99: =G99*3 -> 375 | O99: =SUM(K99-M99) -> -132 | Q99: 1500 | S99: 22500 | T99: 5000
A100: * | B100: + | C100: 7245 · Maintenance Labor | E100: 4140.39 | G100: =Q100/12 -> 0 | I100: =E100-G100 -> 4140.39 | K100: =233+9614.4 -> 9847.4 | M100: =G100*3 -> 0 | O100: =SUM(K100-M100) -> 9847.4 | S100: 25000 | T100: 14000
A101: * | B101: + | C101: 7246 · Grounds | G101: =Q101/12 -> 141.66667 | I101: =E101-G101 -> -141.66667 | K101: 500 | M101: =G101*3 -> 425 | O101: =SUM(K101-M101) -> 75 | Q101: 1700 | S101: 20000 | T101: 10000
A102: * | B102: + | C102: 7247 · Snow Removal | G102: =Q102/12 -> 1666.6667 | I102: =E102-G102 -> -1666.6667 | M102: =G102*3 -> 5000 | O102: =SUM(K102-M102) -> -5000 | Q102: 20000 | S102: 26000 | T102: 1869
A103: * | B103: + | C103: 7250 · Maintenance Supplies & outside contractors | E103: 4292.31 | G103: =Q103/12 -> 3323.3333 | I103: =E103-G103 -> 968.97667 | K103: 1065.78 | M103: =G103*3 -> 9970 | O103: =SUM(K103-M103) -> -8904.22 | Q103: 39880 | S103: 7000 | T103: 14400 | U103: Annual elevator inspection and maintenance
C104: 7255 · Natural Gas | E104: 363.08 | G104: =Q104/12 -> 708.33333 | I104: =E104-G104 -> -345.25333 | K104: 687.76 | M104: =G104*3 -> 2125 | O104: =SUM(K104-M104) -> -1437.24 | Q104: 8500 | S104: 62700 | T104: 62754
...

Sheet Development
A2: HEARTH Treasurer's Report - Detail | G2: Month | M2: Year-to-date | Q2: 2021-2022 | S2: 2014-2015 | T2: 2013-2014
E3: September 22 Actual | G3: September 22 Budget | I3: Over/(Under) Budget | K3: September 22 YTD Actual | M3: September 22 YTD Budget | O3: Over/(Under) Budget | Q3: BUDGET | S3: Projected | T3: Stretch Forecast | U3: NOTES
A4: Development Dept
A6: Income
A8: 4001 · Individual | E8: =Detail!E6 -> 48580.12 | G8: =Detail!G6 -> 10416.667 | I8: =Detail!I6 -> 38163.453 | K8: =Detail!K6 -> 55831.41 | M8: =Detail!M6 -> 31250 | O8: =Detail!O6 -> 24581.41 | Q8: =Detail!Q6 -> 125000
A9: 4005 · End of Year Appeal (EOY) | E9: =Detail!E7 -> 0 | G9: =Detail!G7 -> 0 | I9: =Detail!I7 -> 0 | K9: =Detail!K7 -> 0 | M9: =Detail!M7 -> 0 | O9: =Detail!O7 -> 0 | Q9: =Detail!Q7 -> 70000
A10: 4007 ·Spring Appeal | E10: =Detail!E8 -> 0 | G10: =Detail!G8 -> 0 | I10: =Detail!I8 -> 0 | K10: =Detail!K8 -> 0 | M10: =Detail!M8 -> 0 | O10: =Detail!O8 -> 0 | Q10: =Detail!Q8 -> 15000
A11: 4008 ·Community Appeal | E11: =Detail!E9 -> 0 | G11: =Detail!G9 -> 0 | I11: =Detail!I9 -> 0 | K11: =Detail!K9 -> 0 | M11: =Detail!M9 -> 0 | O11: =Detail!O9 -> 0 | Q11: =Detail!Q9 -> 25000
A12: 4070 · United Way | E12: =Detail!E10 -> 2198.36 | G12: =Detail!G10 -> 1083.3333 | I12: =Detail!I10 -> 1115.0267 | K12: =Detail!K10 -> 3231.73 | M12: =Detail!M10 -> 3250 | O12: =Detail!O10 -> -18.27 | Q12: =Detail!Q10 -> 13000
A14: Total Individuals Donations | E14: =Detail!E13 -> 50778.48 | G14: =Detail!G13 -> 11500 | I14: =Detail!I13 -> 39278.48 | K14: =Detail!K13 -> 59063.14 | M14: =Detail!M13 -> 34500 | O14: =Detail!O13 -> 24563.14 | Q14: =Detail!Q13 -> 248000
A16: 4010 · Businesses | E16: =Detail!E15 -> 2201.81 | G16: =Detail!G15 -> 2916.6667 | I16: =Detail!I15 -> -714.85667 | K16: =Detail!K15 -> 3031.82 | M16: =Detail!M15 -> 8750 | O16: =Detail!O15 -> -5718.18 | Q16: =Detail!Q15 -> 35000
A17: 4020 · Foundations | E17: =Detail!E16 -> 53284.38 | G17: =Detail!G16 -> 19166.667 | I17: =Detail!I16 -> 34117.713 | K17: =Detail!K16 -> 69284.38 | M17: =Detail!M16 -> 57500 | O17: =Detail!O16 -> 11784.38 | Q17: =Detail!Q16 -> 230000
A18: 4025 - Kennywood | E18: =Detail!E17 -> 0 | G18: =Detail!G17 -> 0 | I18: =Detail!I17 -> 0 | K18: =Detail!K17 -> 0 | M18: =Detail!M17 -> 0 | O18: =Detail!O17 -> 0 | Q18: =Detail!Q17 -> 0
A19: 4030 · Organizations | E19: =Detail!E18 -> 0 | G19: =Detail!G18 -> 1125 | I19: =Detail!I18 -> -1125 | K19: =Detail!K18 -> 5706 | M19: =Detail!M18 -> 3375 | O19: =Detail!O18 -> 2331 | Q19: =Detail!Q18 -> 13500
A20: 4030 · Gift of Light & Warmth | E20: =Detail!#REF! -> #REF! | G20: =Detail!#REF! -> #REF! | I20: =Detail!#REF! -> #REF! | K20: =Detail!#REF! -> #REF! | M20: =Detail!#REF! -> #REF! | O20: =Detail!#REF! -> #REF! | Q20: =Detail!#REF! -> #REF!
A21: 4050 · Religious Organizations | E21: =Detail!E19 -> 0 | G21: =Detail!G19 -> 0 | I21: =Detail!I19 -> 0 | K21: =Detail!K19 -> 0 | M21: =Detail!M19 -> 0 | O21: =Detail!O19 -> 0 | Q21: =Detail!Q19 -> 0
A23: Total Donations | E23: =Detail!E21 -> 106264.67 | G23: =Detail!G21 -> 34708.333 | I23: =Detail!I21 -> 71556.337 | K23: =Detail!K21 -> 137085.34 | M23: =Detail!M21 -> 104125 | O23: =Detail!O21 -> 32960.34 | Q23: =Detail!Q21 -> 526500
A25: Grants:
A26: 4140 · State Grants | E26: =Detail!E28 -> 50000 | G26: =Detail!G28 -> 20833.333 | I26: =Detail!I28 -> 29166.667 | K26: =Detail!K28 -> 250000 | M26: =Detail!M28 -> 62500 | O26: =Detail!O28 -> 187500 | Q26: =Detail!Q28 -> 250000
A27: Total Grants | E27: =Detail!E29 -> 56196 | G27: =Detail!G29 -> 20833.333 | I27: =Detail!I29 -> 35362.667 | K27: =Detail!K29 -> 311392 | M27: =Detail!M29 -> 62500 | O27: =Detail!O29 -> 248892 | Q27: =Detail!Q29 -> 250000
A29: Fundraising:
A30: 4500 · 25th Anniversary Fundraiser
A31: 4460 · 3rd Party Events | E31: =Detail!E46 -> 155 | G31: =Detail!G46 -> 0 | I31: =Detail!I46 -> 155 | K31: =Detail!K46 -> 0 | M31: =Detail!M46 -> 0 | O31: =Detail!O46 -> 0 | Q31: =Detail!Q46 -> 0
A32: 4510 · Wine Bag Sales | E32: =Detail!E47 -> 0 | G32: =Detail!G47 -> 0 | I32: =Detail!I47 -> 0 | K32: =Detail!K47 -> 0 | M32: =Detail!M47 -> 0 | O32: =Detail!O47 -> 0 | Q32: =Detail!Q47 -> 0
A33: 4600 · Wine & Food | E33: =Detail!E48 -> 34750 | G33: =Detail!G48 -> 4583.3333 | I33: =Detail!I48 -> 30166.667 | K33: =Detail!K48 -> 42044.85 | M33: =Detail!M48 -> 13750 | O33: =Detail!O48 -> 28294.85 | Q33: =Detail!Q48 -> 55000
A34: 4700 · Golf | E34: =Detail!E49 -> 0 | G34: =Detail!G49 -> 4166.6667 | I34: =Detail!I49 -> -4166.6667 | K34: =Detail!K49 -> 2556.82 | M34: =Detail!M49 -> 12500 | O34: =Detail!O49 -> -9943.18 | Q34: =Detail!Q49 -> 50000
A35: 4800 · Purses With Purpose | E35: =Detail!E50 -> 3500 | G35: =Detail!G50 -> 4166.6667 | I35: =Detail!I50 -> -666.66667 | K35: =Detail!K50 -> 3500 | M35: =Detail!M50 -> 12500 | O35: =Detail!O50 -> -9000 | Q35: =Detail!Q50 -> 50000
A36: 4910 · Hops for HEARTH | E36: =Detail!E51 -> 0 | G36: =Detail!G51 -> 0 | I36: =Detail!I51 -> 0 | K36: =Detail!K51 -> 0 | M36: =Detail!M51 -> 0 | O36: =Detail!O51 -> 0 | Q36: =Detail!Q51 -> 0
A37: 4960 · Christmas Trees Holiday Fund | E37: =Detail!E52 -> 0 | G37: =Detail!G52 -> 0 | I37: =Detail!I52 -> 0 | K37: =Detail!K52 -> 0 | M37: =Detail!M52 -> 0 | O37: =Detail!O52 -> 0 | Q37: =Detail!Q52 -> 0
A38: 4940 Associate Board Fundraiser | E38: =Detail!E53 -> 0 | G38: =Detail!G53 -> 2083.3333 | I38: =Detail!I53 -> 0 | K38: =Detail!K53 -> 0 | M38: =Detail!M53 -> 6250 | O38: =Detail!O53 -> -6250 | Q38: =Detail!Q53 -> 25000
A39: Total Fundraising | E39: =Detail!E54 -> 38405 | G39: =Detail!G54 -> 15000 | I39: =Detail!I54 -> 23405 | K39: =Detail!K54 -> 48101.67 | M39: =Detail!M54 -> 45000 | O39: =Detail!O54 -> 3101.67 | Q39: =Detail!Q54 -> 180000
A41: Cost of Goods Sold
A42: 4690 COS-Wine & Food | E42: 0 | G42: 0 | I42: =E42-G42 -> 0 | K42: 10147.58 | M42: 23000 | O42: =K42-M42 -> -12852.42 | Q42: 23000
A43: 4895 COS-Purses for Purpose | E43: 0 | G43: 0 | I43: =E43-G43 -> 0 | K43: 19565 | M43: 12500 | O43: =K43-M43 -> 7065 | Q43: 12500
A44: 4920 COS-Hops for HEARTH | E44: 0 | G44: 0 | I44: =E44-G44 -> 0 | K44: 9395.48 | M44: 11200 | O44: =K44-M44 -> -1804.52 | Q44: 11200
A45: Total Cost of Goods Sold | E45: =SUM(E42:E44) -> 0 | G45: =SUM(G42:G44) -> 0 | I45: =SUM(I42:I44) -> 0 | K45: =SUM(K42:K44) -> 39108.06 | M45: =SUM(M42:M44) -> 46700 | O45: =SUM(O42:O44) -> -7591.94 | Q45: =SUM(Q42:Q44) -> 46700
A47: Fundraising Expense:
A48: 7530 Fundraising | E48: 4000 | G48: =Q48/12 -> 3891.6667 | I48: =E48-G48 -> 108.33333 | K48: 8000 | M48: =G48*2 -> 7783.3333 | O48: =K48-M48 -> 216.66667 | Q48: 46700
A50: Total Development | E50: =E23+E27+E39-E45-E48 -> 196865.67 | G50: =G23+G27+G39-G45-G48 -> 66650 | I50: =I23+I27+I39-I45-I48 -> 130215.67 | K50: =K23+K27+K39-K45-K48 -> 449470.95 | M50: =M23+M27+M39-M45-M48 -> 157141.67 | O50: =O23+O27+O39-O45-O48 -> 292329.28 | Q50: =Q23+Q27+Q39-Q45-Q48 -> 863100

Sheet Programming
A2: HEARTH Treasurer's Report - Detail | G2: Month | M2: Year-to-date | Q2: 2021-2022 | S2: 2014-2015 | T2: 2013-2014
E3: August 22 Actual | G3: August 22 Budget | I3: Over/(Under) Budget | K3: August 22 YTD Actual | M3: August 22 YTD Budget | O3: Over/(Under) Budget | Q3: BUDGET | S3: Projected | T3: Stretch Forecast | U3: NOTES
A4: Program Department
A7: 7303 · Apt Equip & Supplies | E7: =Detail!E120 -> 0 | G7: =Detail!G120 -> 0 | I7: =Detail!I120 -> 0 | K7: =Detail!K120 -> 0 | M7: =Detail!M120 -> 0 | O7: =Detail!O120 -> 0 | Q7: =Detail!Q120 -> 0 | U7: =Detail!U119 -> 0
A8: 7309 · Clearances Act 33 & 34 | E8: =Detail!E123 -> 0 | G8: =Detail!G123 -> 62.5 | I8: =Detail!I123 -> -62.5 | K8: =Detail!K123 -> 0 | M8: =Detail!M123 -> 187.5 | O8: =Detail!O123 -> -187.5 | Q8: =Detail!Q123 -> 750
A9: 7315 · Client Expense-Unrestricted | E9: =Detail!E124 -> 30 | G9: =Detail!G124 -> 250 | I9: =Detail!I124 -> -220 | K9: =Detail!K124 -> 0 | M9: =Detail!M124 -> 750 | O9: =Detail!O124 -> -750 | Q9: =Detail!Q124 -> 3000
A10: 7318 · Client Education Expense | E10: =Detail!E125 -> 0 | G10: =Detail!G125 -> 83.333333 | I10: =Detail!I125 -> -83.333333 | K10: =Detail!K125 -> 0 | M10: =Detail!M125 -> 250 | O10: =Detail!O125 -> -250 | Q10: =Detail!Q125 -> 1000
A11: 7319 · Child Care | E11: =Detail!E126 -> 0 | G11: =Detail!G126 -> 208.33333 | I11: =Detail!I126 -> -208.33333 | K11: =Detail!K126 -> 0 | M11: =Detail!M126 -> 625 | O11: =Detail!O126 -> -625 | Q11: =Detail!Q126 -> 2500
A12: 7323 · Drug Testing | E12: =Detail!E130 -> 0 | G12: =Detail!G130 -> 83.333333 | I12: =Detail!I130 -> -83.333333 | K12: =Detail!K130 -> 0 | M12: =Detail!M130 -> 250 | O12: =Detail!O130 -> -250 | Q12: =Detail!Q130 -> 1000
A13: 7327 · Equip Maintenance-Prog staff
A14: 7330 · Equipment-Prog staff | E14: =Detail!E132 -> 0 | G14: =Detail!G132 -> 41.666667 | I14: =Detail!I132 -> -41.666667 | K14: =Detail!K132 -> 0 | M14: =Detail!M132 -> 125 | O14: =Detail!O132 -> -125 | Q14: =Detail!Q132 -> 500
A15: 7333 · Food & Beverage Exp
A16: 7336 · Food & Perishables PP | E16: =Detail!E134 -> 0 | G16: =Detail!G134 -> 83.333333 | I16: =Detail!I134 -> -83.333333 | K16: =Detail!K134 -> 0 | M16: =Detail!M134 -> 250 | O16: =Detail!O134 -> -250 | Q16: =Detail!Q134 -> 1000
A17: 7338 - HEARTH at BW exp
A18: 7345 · Internet-Program | E18: =Detail!E137 -> 95.56 | G18: =Detail!G137 -> 91.666667 | I18: =Detail!I137 -> 3.8933333 | K18: =Detail!K137 -> 187.12 | M18: =Detail!M137 -> 275 | O18: =Detail!O137 -> -87.88 | Q18: =Detail!Q137 -> 1100
A19: 7360 · Playground Maintenance Expense | E19: =Detail!E138 -> 0 | G19: =Detail!G138 -> 83.333333 | I19: =Detail!I138 -> -83.333333 | K19: =Detail!K138 -> 0 | M19: =Detail!M138 -> 250 | O19: =Detail!O138 -> -250 | Q19: =Detail!Q138 -> 1000
A20: 7350 · Life Skills | E20: =Detail!E139 -> 0 | G20: =Detail!G139 -> 125 | I20: =Detail!I139 -> 0 | K20: =Detail!K139 -> 0 | M20: =Detail!M139 -> 375 | O20: =Detail!O139 -> -375 | Q20: =Detail!Q139 -> 1500
A21: 7363 · Postage-Program | E21: =Detail!E140 -> 0 | G21: =Detail!G140 -> 41.666667 | I21: =Detail!I140 -> -41.666667 | K21: =Detail!K140 -> 0 | M21: =Detail!M140 -> 125 | O21: =Detail!O140 -> -125 | Q21: =Detail!Q140 -> 500
A22: 7360 - Playground Maintenance Expense
A23: 7366 · Printing/Copying-Program | E23: =Detail!E141 -> 89.27 | G23: =Detail!G141 -> 116.66667 | I23: =Detail!I141 -> -27.396667 | K23: =Detail!K141 -> 0 | M23: =Detail!M141 -> 350 | O23: =Detail!O141 -> -350 | Q23: =Detail!Q141 -> 1400
A24: 7369 · Professional Liability Ins.
A25: 7373 · Program Outcome | E25: =Detail!E143 -> 6025 | G25: =Detail!G143 -> 125 | I25: =Detail!I143 -> 5900 | K25: =Detail!K143 -> 75 | M25: =Detail!M143 -> 375 | O25: =Detail!O143 -> -300 | Q25: =Detail!Q143 -> 1500
A26: 7376 · Program Supplies - Unrestricted
